Map: Oxide LE

Players

SpeCial

  • Race: Terran Terran
  • League: Master
  • Spawn Location: 7:00

TIME (Oliveira) - Winner!

  • Race: Terran Terran
  • League: Grandmaster
  • Spawn Location: 1:00

Event: DreamHack SC2 Masters 2020 Winter

VOD

Have the link to the VOD?

Description

Time

  • Played on: Nov. 11, 2020, 10:43 a.m.
  • Length: 5:40

All games in this series

Show
View Real Time Build Order
Export as new Build Order

SpeCial Terran 

Build Orders: Reaper Expand 

Get SALT Encoding   

  12  0:00  SCV  
  13  0:12  SCV  
  14  0:17  Supply Depot  
  14  0:24  SCV  
  15  0:38  SCV  
  15  0:40  Barracks  
  16  0:43  Refinery  
  16  0:50  SCV  
  17  1:03  SCV  
  18  1:15  SCV  
  19  1:27  Orbital Command, Reaper  
  20  1:44  Command Center  
  20  1:54  Supply Depot  
  20  1:55  SCV  
  20  1:59  Marine  
  22  2:06  Factory  
  22  2:10  SCV  
  22  2:15  Refinery  
  23  2:20  Barracks Reactor  
  23  2:22  SCV  
  24  2:34  SCV  
  25  2:46  SCV  
  25  2:51  Starport, Hellion  
  28  2:56  Marine x2  
  28  2:57  Orbital Command  
  30  2:58  SCV  
  31  3:06  Orbital Command  
  31  3:11  SCV  
  32  3:12  Factory Tech Lab  
  32  3:14  Marine x2  
  34  3:23  SCV  
  35  3:32  Marine x2  
  35  3:33  SCV  
  38  3:35  Supply Depot, SCV  
  38  3:36  Raven  
  38  3:37  Factory Tech Lab  
  41  3:45  SCV  
  41  3:47  SCV  
  43  3:49  Marine x2  
  45  3:58  Siege Tank  
  45  4:00  SCV x2  
  50  4:04  Command Center  
  50  4:08  Supply Depot  
  50  4:09  Marine  
  51  4:11  Marine  
  51  4:14  SCV x2  
  53  4:30  Marine  
  55  4:32  Siege Tank  
  55  4:33  SCV x2  
  55  4:36  Viking  
  55  4:38  Marine  
  59  4:51  Supply Depot  
  59  4:52  Supply Depot, SCV x2  
  59  5:04  SCV x2  
  59  5:05  Barracks Reactor  
  59  5:06  Barracks  
  58  5:16  SCV x2  
Show
View Real Time Build Order
Export as new Build Order

TIME Terran - Winner!

Build Orders:  

Get SALT Encoding   

  12  0:00  SCV  
  13  0:12  SCV  
  14  0:17  Supply Depot  
  14  0:24  SCV  
  15  0:39  SCV  
  15  0:40  Barracks  
  16  0:43  Refinery  
  16  0:51  SCV  
  16  0:53  Refinery  
  17  1:03  SCV  
  18  1:15  SCV  
  19  1:27  Reaper  
  19  1:28  Supply Depot, Orbital Command  
  20  1:43  Factory  
  20  1:53  SCV  
  21  2:00  Reaper  
  22  2:05  SCV  
  23  2:17  SCV  
  24  2:24  Command Center  
  24  2:31  SCV  
  24  2:32  Hellion  
  24  2:33  Barracks Reactor  
  27  2:42  Starport  
  27  2:43  SCV  
  28  2:50  Supply Depot  
  28  2:54  Factory Tech Lab  
  28  2:55  SCV  
  29  3:07  SCV  
  29  3:10  Marine  
  29  3:12  Marine  
  32  3:13  Siege Tank  
  35  3:23  Medivac  
  35  3:24  Refinery  
  37  3:28  Marine  
  37  3:29  SCV  
  39  3:35  Marine  
  39  3:37  Orbital Command  
  40  3:41  SCV  
  40  3:45  Marine  
  42  3:49  Cyclone  
  42  3:53  Marine, Starport Tech Lab  
  46  3:59  SCV  
  46  4:02  Supply Depot, SCV  
  48  4:04  Marine  
  49  4:11  SCV  
  49  4:13  Raven  
  49  4:14  SCV  
  53  4:17  Marine  
  54  4:31  Marine  
  54  4:34  Siege Tank  
  54  4:37  Marine  
  59  4:38  SCV  
  59  4:40  SCV  
  59  4:41  Supply Depot  
  60  4:50  Marine, SCV  
  60  4:52  SCV  
  62  5:03  Marine  
  62  5:05  Command Center  
  65  5:08  Marine, SCV  
  70  5:19  SCV  
  70  5:22  Supply Depot  
Tags
 
Add a new tag
Caveats
  • Supply blocks, unpowered buildings, or Contaminate may cause inaccurate times.
  • Supply counts are checked every 10 seconds.